[Event "Late-Titled-Tuesday-Blitz-April-23-2024"]
[Site "Chess.com"]
[Date "2024.04.23"]
[Round "6"]
[White "Hrant_ChessMood"]
[Black "Fins0905"]
[Result "1-0"]
[WhiteElo "2949"]
[BlackElo "2771"]
[TimeControl "180+1"]
[EndTime "15:10:22 PDT"]
[Termination "Hrant_ChessMood won by resignation"]

1. d4 d5 2. Bf4 c5 3. e3 cxd4 4. exd4 Nc6 5. c3 Nf6 6. h3 Bf5 7. Qb3 Qc8 8. Nd2 e6 9. Ngf3 h6 10. Be2 Be7 11. O-O O-O 12. Ne5 Nd7 13. Nxd7 Qxd7 14. Rfe1 Bd6 15. Bxd6 Qxd6 16. a4 Rab8 17. Nf1 Rfc8 18. Ne3 Be4 19. Bf1 Na5 20. Qa3 Qxa3 21. Rxa3 a6 22. b4 Nc6 23. a5 Ne7 24. Nd1 Rc7 25.
Nb2 Nc8 26. Na4 Nd6 27. Nc5 Bg6 28. Ra2 Ne4 29. Ra3 Rbc8 30. f3 Nd6 31. h4 h5 32.
Kf2 Kf8 33. Rea1 Ke7 34. Rb3 Bf5 35. b5 axb5 36. Bxb5 Rxc5 37. dxc5 Rxc5 38. Be2 Bc2 39. Rb2 Bg6 40. Ra3 Bf5 41. Rb4 Bg6 42. Ke3 Rc7 43.
Kd2 Bf5 44. Rab3 Kd7 45. Rb6 Bg6 46. R3b4 Bf5 47. Rb3 Bg6 48. Ke1 Bf5 49. Kf2 Bg6 50.
Kg3 Bf5 51. Kf4 f6 52. g4 Bg6 53. Kg3 Bf7 54. Bd3 Be8 55. Ra3 Bf7 56. a6 bxa6 57.
Raxa6 Nc8 58. Bb5+ Ke7 59. Rc6 Rxc6 60. Rxc6 Nd6 61. Rc7+ Kf8 62. Bd3 e5 63. Rd7 Ne8 64. gxh5 Be6 65. Ra7 Nd6 66. Bg6 Nb5 67. Ra6 Ke7 68.
Rc6 Bd7 69. Ra6 Nxc3 70. Ra7 Kd6 71. Ra8 Be6 72. Rh8 Ke7 73. h6 gxh6 74. Rxh6 Kf8 75. Rh7 d4 76. h5 Nd5 77. h6 Nf4 78. Bb1 f5 79. Ra7 Kg8 80. Kh4 d3 81. Kg5 d2 82. Bc2 e4 83. Kxf4 1-0

[Event "Late-Titled-Tuesday-Blitz-April-23-2024"]
[Site "Chess.com"]
[Date "2024.04.23"]
[Round "6"]
[White "dolynachess"]
[Black "Hakiki_satranc"]
[Result "1/2-1/2"]
[WhiteElo "2537"]
[BlackElo "2397"]
[TimeControl "180+1"]
[EndTime "15:11:34 PDT"]
[Termination "Game drawn - insufficient material"]

1. d4 d5 2. c4 e6 3. Nf3 Bb4+ 4. Nbd2 Nf6 5. g3 O-O 6. Bg2 c5 7. O-O cxd4 8. Nxd4 Nc6 9. Nc2 Be7 10. cxd5 Nxd5 11.
Nc4 Bf6 12. N2e3 Nb6 13. Nxb6 Qxd1 14. Rxd1 axb6 15. Nc4 b5 16. Nb6 Ra6 17. Nxc8 Rxc8 18. Rd7 Nb4 19. Bxb7 Rxa2 20. Rb1 Rd8 21. Rxd8+ Bxd8 22.
Bd2 Nd5 23. Bxd5 exd5 24. Bc3 Bf6 25. Kf1 d4 26. Bb4 d3 27. Ba3 dxe2+ 28. Kxe2 h5 29. Kd3 b4 30. Bxb4 Bxb2 31. Bd2 Bf6 32. h3 Kh7 33. Rb7 Kg6 34. Rb6 Ra3+ 35. Ke2 h4 36. g4 Kh7 37. Be3 Ra2+ 38. Kf3 Ra3 39. Kg2 Be5 40. Kf3 f6 41. Rc6 Ra1 42. Rc5 Ra3 43.
Kg2 Kg6 44. Kf3 Bd4 45. Rd5 Bxe3 46. fxe3 Ra2 47. Rh5 Ra1 48. Rxh4 Rf1+ 49. Kg2 Re1 50. Kf2 Rb1 51. Rh5 Rb2+ 52. Kf3 Rh2 53. Rh8 Rh1 54.
Ke4 Rh2 55. Rh5 Rh1 56. Kd3 Rh2 57. Kd4 Rh1 58. e4 Rh2 59. Ke3 Rh1 60. Kf3 Rf1+ 61. Kg2 Re1 62. Kf3 Rf1+ 63. Ke2 Rh1 64. Ke3 Rh2 65. e5 fxe5 66. Ke4 Re2+ 67. Kf3 Rh2 68. Kg3 Re2 69. Kf3 Rh2 70. Rh8 Rh1 71. Ke4 Re1+ 72. Kd3 Rh1 73. Ke3 Re1+ 74. Kf2 Rh1 75. Rh5 Ra1 76. Rxe5 Ra2+ 77. Kg3 Ra3+ 78. Kh4 Rb3 79.
Re6+ Kh7 80. Re2 Rb5 81. Rf2 Rc5 82. Rf5 Rc4 83. Kg5 Rc3 84. h4 Rc6 85. h5 Rc4 86. Re5 Rb4 87. Rf5 Rc4 88. Rf4 Rc5+ 89.
Kh4 Rc3 90. g5 Rc1 91. Rf8 Rc4+ 92. Kg3 Rc3+ 93. Kf4 Rc4+ 94. Ke3 Rc5 95. g6+ Kh6 96. Rh8+ Kg5 97. Rh7 Rc7 98. Ke4 Re7+ 99. Kd5 Kf6 100. Kd6 Re6+ 101. Kd7 Re7+ 102. Kd8 Ra7 103. Ke8 Ke6 104.
Kf8 Kf6 105. Ke8 Ke6 106. Kd8 Kf6 107. Kc8 Ra8+ 108. Kb7 Rf8 109. Kc6 Rg8 110. Kd5 Rd8+ 111. Ke4 Re8+ 112. Kf4 Rg8 113. Kg4 Rd8 114. Kf3 Rg8 115. Ke4 Re8+ 116. Kd5 Rd8+ 117. Kc6 Re8 118. Kd7 Re7+ 119. Kd6 Ra7 120. h6 Kxg6 121. Rxg7+ Rxg7 122. hxg7 Kxg7 1/2-1/2

[Event "Late-Titled-Tuesday-Blitz-April-23-2024"]
[Site "Chess.com"]
[Date "2024.04.23"]
[Round "7"]
[White "kylelancman"]
[Black "Aygehovit1992"]
[Result "0-1"]
[WhiteElo "2489"]
[BlackElo "2716"]
[TimeControl "180+1"]
[EndTime "15:13:21 PDT"]
[Termination "Aygehovit1992 won by resignation"]

1. e4 c5 2. Nf3 e6 3. c3 d5 4. exd5 Qxd5 5. d4 Nf6 6. Na3 a6 7. Nc4 Nbd7 8. Bf4 b5 9. Nce5 Bb7 10.
a4 Qe4+ 11. Be2 Qxf4 12. a5 cxd4 13. cxd4 Bb4+ 0-1

[Event "Late-Titled-Tuesday-Blitz-April-23-2024"]
[Site "Chess.com"]
[Date "2024.04.23"]
[Round "7"]
[White "theredking89"]
[Black "jinxy2009"]
[Result "1-0"]
[WhiteElo "2797"]
[BlackElo "2296"]
[TimeControl "180+1"]
[EndTime "15:13:21 PDT"]
[Termination "theredking89 won by resignation"]

1. Nf3 Nf6 2. c4 g6 3. Nc3 Bg7 4. e4 e5 5. g3 d6 6. h3 O-O 7.
Bg2 Nc6 8. O-O h6 9. Rb1 a5 10. a3 Nd7 11. b4 axb4 12. axb4 f5 13. Nh4 Qf6 14. Nd5 Qf7 15. Nxc7 Rb8 16. exf5 gxf5 17. Bd5 1-0

[Event "Late-Titled-Tuesday-Blitz-April-23-2024"]
[Site "Chess.com"]
[Date "2024.04.23"]
[Round "7"]
[White "Cuchulin"]
[Black "albayo"]
[Result "0-1"]
[WhiteElo "2210"]
[BlackElo "2555"]
[TimeControl "180+1"]
[EndTime "15:14:02 PDT"]
[Termination "albayo won by checkmate"]

1. d4 Nf6 2. Bf4 g6 3. Nc3 Bg7 4. e4 O-O 5. Qd2 c5 6. dxc5 Qa5 7. O-O-O Na6 8. a3 Nxc5 9. f3 d6 10. Kb1 b5 11. Nxb5 Qb6 12. Be3 a6 13. Nc3 Rb8 14. b4 Bd7 15. Bxc5 dxc5 16. Nd5 Nxd5 17. Qxd5 cxb4 18.
Qxd7 bxa3+ 19. Kc1 Bh6+ 20. Rd2 Qb1# 0-1

[Event "Late-Titled-Tuesday-Blitz-April-23-2024"]
[Site "Chess.com"]
[Date "2024.04.23"]
[Round "7"]
[White "PapaieDudu"]
[Black "jaskol95"]
[Result "1-0"]
[WhiteElo "2454"]
[BlackElo "2577"]
[TimeControl "180+1"]
[EndTime "15:14:04 PDT"]
[Termination "PapaieDudu won by checkmate"]

1. Nf3 d5 2. d4 Nf6 3. c4 c6 4.
Nc3 a6 5. a4 Bf5 6. c5 e6 7.
Bf4 Nbd7 8. a5 h6 9. h3 Be7 10. e3 O-O 11. b4 Ne4 12. Nxe4 Bxe4 13. Bd3 Bxd3 14. Qxd3 Re8 15. O-O g5 16. Be5 Nxe5 17.
Nxe5 Bf6 18. f4 Bxe5 19. fxe5 Kg7 20. Rxf7+ Kxf7 21. Qh7+ Kf8 22. Rf1+ Qf6 23. Rxf6# 1-0

[Event "Late-Titled-Tuesday-Blitz-April-23-2024"]
[Site "Chess.com"]
[Date "2024.04.23"]
[Round "7"]
[White "jlf287"]
[Black "KebabJangles"]
[Result "0-1"]
[WhiteElo "2531"]
[BlackElo "2266"]
[TimeControl "180+1"]
[EndTime "15:15:28 PDT"]
[Termination "KebabJangles won by resignation"]

1. e4 c5 2. Nf3 e6 3. g3 d5 4. exd5 exd5 5. d4 Nf6 6. Bg2 Nc6 7. O-O Be7 8. dxc5 O-O 9. Nc3 Bxc5 10. Bg5 Be6 11. Nb5 a6 12. Nbd4 Nxd4 13. Nxd4 Qb6 14. Be3 Ng4 15. Rb1 Nxe3 16. fxe3 Rad8 17. b4 Be7 18.
Kh1 Rc8 19. Qh5 g6 20. Qh6 Rc3 21. Nxe6 fxe6 22. e4 d4 23. e5 Re3 24. Rxf8+ Bxf8 25.
Rf1 Bxh6 0-1

[Event "Late-Titled-Tuesday-Blitz-April-23-2024"]
[Site "Chess.com"]
[Date "2024.04.23"]
[Round "7"]
[White "Sargsyan_Shant"]
[Black "samolo"]
[Result "1-0"]
[WhiteElo "2960"]
[BlackElo "2665"]
[TimeControl "180+1"]
[EndTime "15:15:39 PDT"]
[Termination "Sargsyan_Shant won by resignation"]

1. c4 Nf6 2. Nc3 d6 3. d4 e5 4. Nf3 e4 5. Ng5 Qe7 6. Qc2 Bf5 7. g3 h6 8. Nh3 c6 9. Bg2 g5 10. e3 Qe6 11. d5 cxd5 12. cxd5 Nxd5 13. Nxd5 Qxd5 14. Bd2 Bg7 15. Rd1 O-O 16. Bc3 Qe6 17. Ng1 Bxc3+ 18. bxc3 Nc6 19. Ne2 Rac8 20. O-O Nb4 21.
Qd2 Nd3 22. Nd4 Qg6 23. Nxf5 Qxf5 24. Bxe4 Qxe4 25. Qxd3 Qxd3 26. Rxd3 Rc6 27. Rfd1 Rfc8 28. Rxd6 Kg7 29. Rd7 Rxc3 30. Rxb7 Ra3 31. Rdd7 Rf8 32.
Rxa7 1-0

[Event "Late-Titled-Tuesday-Blitz-April-23-2024"]
[Site "Chess.com"]
[Date "2024.04.23"]
[Round "7"]
[White "MKlose11"]
[Black "szachmistrz2500"]
[Result "1-0"]
[WhiteElo "2607"]
[BlackElo "2457"]
[TimeControl "180+1"]
[EndTime "15:15:42 PDT"]
[Termination "MKlose11 won by resignation"]

1. e4 e6 2. d4 d5 3. Nc3 Nf6 4. Bg5 Be7 5. e5 Nfd7 6. Bxe7 Qxe7 7.
Nce2 c5 8. c3 Nc6 9. Nf3 f6 10.
exf6 Nxf6 11. Ng3 e5 12. dxe5 Nxe5 13. Nxe5 Qxe5+ 14. Qe2 Qxe2+ 15. Bxe2 Be6 16. O-O-O O-O-O 17. Rhe1 Rhe8 18. Bf3 Kc7 19. h3 g6 20. Ne2 g5 21.
Ng3 b5 22. Re5 h6 23. Nh5 Nd7 24. Re2 Bf7 25. Rxe8 Rxe8 26. Ng7 Rg8 27. Nf5 Nf6 28. Nxh6 Re8 29. Nxf7 1-0

[Event "Late-Titled-Tuesday-Blitz-April-23-2024"]
[Site "Chess.com"]
[Date "2024.04.23"]
[Round "7"]
[White "vi_pranav"]
[Black "alexrustemov"]
[Result "1-0"]
[WhiteElo "3072"]
[BlackElo "2845"]
[TimeControl "180+1"]
[EndTime "15:15:56 PDT"]
[Termination "vi_pranav won by checkmate"]

1. e4 e6 2. d4 d5 3. exd5 exd5 4. h3 Nc6 5. Nf3 Bd6 6. Bd3 Nge7 7. O-O Bf5 8. Bxf5 Nxf5 9. Re1+ Nfe7 10. b3 O-O 11. c4 dxc4 12. bxc4 Ng6 13. Nc3 b6 14. Bg5 Qd7 15. c5 Bf4 16. d5 Na5 17. c6 Qf5 18. Bxf4 Nxf4 19. Re5 Qg6 20. Rg5 Qd6 21. Qd2 Ng6 22. h4 h6 23. Rg4 Kh8 24. h5 Ne5 25. Nxe5 Qxe5 26. Re1 Qxh5 27. Qd4 Rad8 28. Qxg7# 1-0

[Event "Late-Titled-Tuesday-Blitz-April-23-2024"]
[Site "Chess.com"]
[Date "2024.04.23"]
[Round "7"]
[White "PavlovDanila"]
[Black "ChessBrainiacOnTwitch"]
[Result "1-0"]
[WhiteElo "2616"]
[BlackElo "2787"]
[TimeControl "180+1"]
[EndTime "15:16:00 PDT"]
[Termination "PavlovDanila won by resignation"]

1. e4 c5 2. Nf3 d6 3. d4 cxd4 4.
Nxd4 Nf6 5. Nc3 a6 6. Be3 e6 7. f4 Nbd7 8. Qf3 Qc7 9. g4 b5 10. g5 b4 11. gxf6 bxc3 12. fxg7 Bxg7 13. b3 Bb7 14.
Bg2 Nc5 15. Qh5 Bxe4 16. Bxe4 Nxe4 17. Nxe6 Qe7 18. Nxg7+ Kf8 19. Nf5 Qe6 20. O-O-O Re8 21. Nxd6 Nxd6 22. Bc5 Rd8 23. Qe5 Ke7 24. Rxd6 1-0

[Event "Late-Titled-Tuesday-Blitz-April-23-2024"]
[Site "Chess.com"]
[Date "2024.04.23"]
[Round "7"]
[White "Arteler"]
[Black "Szachulec75"]
[Result "0-1"]
[WhiteElo "2271"]
[BlackElo "2088"]
[TimeControl "180+1"]
[EndTime "15:16:05 PDT"]
[Termination "Szachulec75 won by resignation"]

1. e4 d6 2. d4 Nf6 3. Nc3 c6 4. Bg5 e6 5. e5 h6 6. Bh4 g5 7.
Bg3 Nd5 8. Nxd5 cxd5 9. Nf3 Nc6 10.
Bb5 Qa5+ 11. c3 Qxb5 12. exd6 Bd7 13. Ne5 Nxe5 14. dxe5 O-O-O 15. a4 Qc4 16. Qd2 Bg7 17. b3 Qe4+ 18. Kf1 Bxe5 19. Bxe5 Qxe5 20. c4 Qxd6 21. cxd5 Qxd5 22. Rc1+ Kb8 23. Qc3 Bc6 24. f3 Qd3+ 25. Qxd3 Rxd3 26. Kf2 Rhd8 27. Ke2 Rxb3 28. Rhd1 Rxd1 29.
Rxd1 Kc7 30. Rd3 Rxd3 31. Kxd3 Bxa4 32. g4 Bc6 33. Ke3 f5 34. gxf5 exf5 0-1

[Event "Late-Titled-Tuesday-Blitz-April-23-2024"]
[Site "Chess.com"]
[Date "2024.04.23"]
[Round "7"]
[White "Ajedrez_con_German"]
[Black "FlemingA"]
[Result "1/2-1/2"]
[WhiteElo "2645"]
[BlackElo "2457"]
[TimeControl "180+1"]
[EndTime "15:16:06 PDT"]
[Termination "Game drawn by repetition"]

1. a3 g6 2. e3 Bg7 3. Nf3 d6 4.
d4 Nd7 5. c4 e5 6. Nc3 Ngf6 7. Be2 O-O 8. O-O Re8 9. b4 a5 10.
b5 exd4 11. Nxd4 Nc5 12. Bb2 h5 13. Qc2 h4 14. h3 Nfe4 15. Nxe4 Nxe4 16. Nf3 Ng5 17.
Bxg7 Kxg7 18. c5 Nxf3+ 19. Bxf3 Qg5 20. Kh1 Qxc5 21. Qb2+ Qe5 22. Qc2 Qc5 23. Qb2+ Qe5 24. Qc2 Qc5 1/2-1/2

[Event "Late-Titled-Tuesday-Blitz-April-23-2024"]
[Site "Chess.com"]
[Date "2024.04.23"]
[Round "7"]
[White "MarkoPe"]
[Black "shirovin"]
[Result "1-0"]
[WhiteElo "2396"]
[BlackElo "2091"]
[TimeControl "180+1"]
[EndTime "15:16:07 PDT"]
[Termination "MarkoPe won by resignation"]

1. d4 Nf6 2. g3 e6 3. Bg2 d5 4.
Nf3 c5 5. O-O Be7 6. c4 Nc6 7. Nc3 O-O 8. cxd5 exd5 9. Bg5 cxd4 10.
Nxd4 h6 11. Bf4 Bg4 12. Rc1 a6 13. Qd2 Rc8 14. h3 Nxd4 15. hxg4 Ne6 16. Nxd5 Nxg4 17. Rxc8 1-0

[Event "Late-Titled-Tuesday-Blitz-April-23-2024"]
[Site "Chess.com"]
[Date "2024.04.23"]
[Round "7"]
[White "realburq"]
[Black "Mikhail_Golubev"]
[Result "0-1"]
[WhiteElo "2375"]
[BlackElo "2570"]
[TimeControl "180+1"]
[EndTime "15:16:15 PDT"]
[Termination "Mikhail_Golubev won by resignation"]

1. e4 c5 2. Nf3 Nc6 3. Bb5 d6 4.
O-O Bd7 5. Re1 Nf6 6. c3 a6 7. Bf1 Bg4 8. h3 Bxf3 9. Qxf3 g6 10. d3 Bg7 11. Nd2 O-O 12. Nc4 b5 13. Ne3 b4 14.
Bd2 Nd7 15. Rac1 Rb8 16. Nc4 Nde5 17. Nxe5 Bxe5 18. Qe2 bxc3 19. bxc3 Rb2 20. f4 Bg7 21. Qd1 Qa5 22. c4 Qxd2 0-1

[Event "Late-Titled-Tuesday-Blitz-April-23-2024"]
[Site "Chess.com"]
[Date "2024.04.23"]
[Round "7"]
[White "IndianSchoolOfSuffering"]
[Black "ricaurtelopezj1955"]
[Result "0-1"]
[WhiteElo "2392"]
[BlackElo "2191"]
[TimeControl "180+1"]
[EndTime "15:16:20 PDT"]
[Termination "ricaurtelopezj1955 won by resignation"]

1. e4 e5 2. Nf3 Nc6 3. Bc4 Nf6 4.
d3 Bc5 5. c3 d6 6. a4 a6 7. Bg5 h6 8. Bh4 g5 9. Bg3 Bg4 10. Nbd2 Nh5 11. h3 Nxg3 12. fxg3 Be6 13. g4 Qf6 14. Rf1 Qf4 15. Qe2 Qg3+ 16. Kd1 O-O-O 17.
b4 Bxb4 18. cxb4 Nxb4 19. Rb1 a5 20. Ne1 d5 21. Rf3 Qh2 22. exd5 Bxd5 23. Qxe5 Qxe5 0-1

[Event "Late-Titled-Tuesday-Blitz-April-23-2024"]
[Site "Chess.com"]
[Date "2024.04.23"]
[Round "7"]
[White "Abund"]
[Black "WindWhistler11"]
[Result "1-0"]
[WhiteElo "2755"]
[BlackElo "2535"]
[TimeControl "180+1"]
[EndTime "15:16:22 PDT"]
[Termination "Abund won by resignation"]

1. e4 e6 2. d4 d5 3. Nd2 Nc6 4. c3 Nf6 5. e5 Nd7 6. Bd3 f5 7. f4 Qe7 8. Ne2 Nd8 9. Nf3 Nf7 10. Be3 h6 11. Qd2 Rg8 12. h3 c5 13. g4 c4 14. Bc2 g6 15. Rg1 Bg7 16. Kf2 Nf8 17.
Rg3 Nh7 18. Rag1 Nf8 19. b3 Bd7 20. bxc4 dxc4 21. gxf5 exf5 22. d5 b6 23. e6 Nd6 24.
exd7+ Qxd7 25. Ne5 1-0

[Event "Late-Titled-Tuesday-Blitz-April-23-2024"]
[Site "Chess.com"]
[Date "2024.04.23"]
[Round "7"]
[White "boracilek"]
[Black "samidescalona2002"]
[Result "0-1"]
[WhiteElo "2527"]
[BlackElo "2764"]
[TimeControl "180+1"]
[EndTime "15:16:23 PDT"]
[Termination "samidescalona2002 won by checkmate"]

1. d4 g6 2. e4 Bg7 3. c4 d6 4.
Nc3 e5 5. dxe5 dxe5 6. Qxd8+ Kxd8 7. f4 Nc6 8. Nf3 Nd4 9. Nxd4 exd4 10. Nd1 Nf6 11. e5 Ne4 12. Bd3 Nc5 13. Nf2 f6 14.
exf6 Re8+ 15. Kd2 Bxf6 16. Re1 Rxe1 17. Kxe1 Bf5 18. Bxf5 gxf5 19. Bd2 a5 20. Ke2 Kd7 21. Rd1 Re8+ 22. Kf3 b6 23. Bc3 Re3# 0-1

[Event "Late-Titled-Tuesday-Blitz-April-23-2024"]
[Site "Chess.com"]
[Date "2024.04.23"]
[Round "7"]
[White "ploxoi"]
[Black "chess_sharparchitect"]
[Result "0-1"]
[WhiteElo "2405"]
[BlackElo "2254"]
[TimeControl "180+1"]
[EndTime "15:16:28 PDT"]
[Termination "chess_sharparchitect won by resignation"]

1. d4 Nf6 2. c4 e6 3. Nf3 d5 4.
g3 Nbd7 5. Bg2 Bb4+ 6. Bd2 Qe7 7. O-O dxc4 8. Ne5 Nxe5 9. dxe5 Nd7 10. Bxb4 Qxb4 11.
Qd4 c5 12. Qd6 Qxb2 13. Nd2 Qxe5 14. Nxc4 Qxd6 15. Nxd6+ Ke7 16. Nxc8+ Raxc8 17. Bxb7 Rc7 18. Bg2 Rb8 19. Rab1 Rb6 20. Rbc1 f5 21. Rc3 Rb2 22.
a3 Rxe2 23. Bf3 Rd2 24. Re1 Kf6 25. h3 e5 26. g4 e4 27. Bg2 g6 28. gxf5 gxf5 29. f3 Ne5 30. fxe4 Rg7 0-1

[Event "Late-Titled-Tuesday-Blitz-April-23-2024"]
[Site "Chess.com"]
[Date "2024.04.23"]
[Round "7"]
[White "BenchGM"]
[Black "Akhayan"]
[Result "0-1"]
[WhiteElo "2234"]
[BlackElo "2417"]
[TimeControl "180+1"]
[EndTime "15:16:33 PDT"]
[Termination "Akhayan won by resignation"]

1. e4 e5 2. Nf3 Nc6 3. Bb5 a6 4. Ba4 Nf6 5. O-O Be7 6. Re1 b5 7. Bb3 O-O 8. c3 d5 9. a4 dxe4 10. Ng5 h6 11. axb5 hxg5 12. bxc6 Bc5 13. d4 exd3 14. Bxg5 Qd6 15. Be3 e4 16. Nd2 Bxe3 17. Rxe3 Qxc6 18. Nxe4 Nxe4 19. Qf3 Bb7 20. Qh5 Nf6 21.
Qg5 Nh7 22. Qg6 Qxg6 0-1

[Event "Late-Titled-Tuesday-Blitz-April-23-2024"]
[Site "Chess.com"]
[Date "2024.04.23"]
[Round "7"]
[White "mjelcic"]
[Black "NikitaShnadrygin"]
[Result "0-1"]
[WhiteElo "2386"]
[BlackElo "2723"]
[TimeControl "180+1"]
[EndTime "15:16:36 PDT"]
[Termination "NikitaShnadrygin won by resignation"]

1. c4 Nf6 2. Nc3 d5 3. cxd5 Nxd5 4. g3 g6 5. Bg2 Nb6 6. Nf3 Bg7 7. O-O Nc6 8. d3 O-O 9. Bd2 h6 10. Rc1 e5 11. a3 f5 12. b4 Nd4 13. e3 Nxf3+ 14. Bxf3 Qxd3 15. Qb3+ Kh7 16. Rfd1 e4 17. Be2 Qd7 18. Nb5 c6 19. Bc3 Qf7 20. Qxf7 Rxf7 21.
Bxg7 Kxg7 22. Nd6 Re7 23. Nc4 Be6 24. Rd6 Bd5 25. Na5 Rae8 26. b5 Nc8 27. Rxd5 cxd5 28. Rc5 b6 0-1

[Event "Late-Titled-Tuesday-Blitz-April-23-2024"]
[Site "Chess.com"]
[Date "2024.04.23"]
[Round "7"]
[White "Sesleria"]
[Black "azikom"]
[Result "0-1"]
[WhiteElo "2141"]
[BlackElo "2690"]
[TimeControl "180+1"]
[EndTime "15:16:42 PDT"]
[Termination "azikom won by resignation"]

1. c4 e5 2. Nc3 Nc6 3. Nf3 Bc5 4. e3 d6 5. a3 a6 6. b4 Ba7 7. Bb2 Nf6 8. Qc2 O-O 9. Nd5 Nxd5 10. cxd5 Ne7 11. Bd3 h6 12. h4 Nxd5 13. Bc4 c6 14.
O-O-O a5 15. b5 Bd7 16. Kb1 Re8 17. d4 e4 18. Nd2 Nf6 19. d5 cxb5 20. Ba2 Rc8 21.
Qb3 a4 22. Qb4 Bc5 23. Qc3 Qb6 24. Rc1 b4 25. axb4 Bxb4 26. Qd4 Qxd4 27. Bxd4 Bxd2 0-1

[Event "Late-Titled-Tuesday-Blitz-April-23-2024"]
[Site "Chess.com"]
[Date "2024.04.23"]
[Round "7"]
[White "Firouzja2003"]
[Black "MetiForce"]
[Result "1-0"]
[WhiteElo "3116"]
[BlackElo "2940"]
[TimeControl "180+1"]
[EndTime "15:16:44 PDT"]
[Termination "Firouzja2003 won by resignation"]

1. e4 c5 2. Nf3 d6 3. d4 cxd4 4. Nxd4 Nf6 5. Nc3 Nc6 6. Bg5 e6 7. Qd2 a6 8. Nxc6 bxc6 9. O-O-O Qa5 10. Kb1 Rb8 11. Bc4 Be7 12. Bb3 Qb4 13. Rhe1 a5 14. e5 dxe5 15. Rxe5 h6 16. a3 Qb7 17. Bxf6 gxf6 18.
Rxa5 f5 19. Na4 Qc7 20. Qc3 Rg8 21. g3 Kf8 22. Nc5 h5 23. Qd2 Rg6 24. Nd3 Bg5 25. Qe1 Rb5 26. Rxb5 cxb5 27. Qb4+ Be7 28. Qxb5 Bd7 29. Qe5 Bd6 30. Qh8+ Ke7 31. Qxh5 Rg4 32. f4 Bb5 33. Qh3 Qb6 34. Qf1 Rg8 35. Qe1 Rb8 36. Ne5 Qc5 37. Nxf7 Bc4 38. Nxd6 1-0

[Event "Late-Titled-Tuesday-Blitz-April-23-2024"]
[Site "Chess.com"]
[Date "2024.04.23"]
[Round "7"]
[White "rdarruda"]
[Black "Hakiki_satranc"]
[Result "0-1"]
[WhiteElo "2519"]
[BlackElo "2408"]
[TimeControl "180+1"]
[EndTime "15:16:48 PDT"]
[Termination "Hakiki_satranc won by resignation"]

1. d4 Nf6 2. Nf3 d5 3. c4 e6 4. e3 a6 5. Nc3 Nbd7 6. cxd5 exd5 7. Bd3 Bd6 8. O-O O-O 9. g3 Re8 10. Re1 b6 11. Nh4 Bb7 12. Bd2 g6 13. Rc1 Rc8 14. f3 Nf8 15. Ng2 Ne6 16. Ne2 c5 17. dxc5 Bxc5 18. b4 Bf8 19. Rxc8 Qxc8 20. Bc3 Bg7 21.
Qd2 Ng5 22. Nd4 Nfe4 23. fxe4 Bxd4 24. exd4 Nf3+ 25. Kf2 Nxd2 26. Bxd2 dxe4 27. Bf1 0-1

[Event "Late-Titled-Tuesday-Blitz-April-23-2024"]
[Site "Chess.com"]
[Date "2024.04.23"]
[Round "7"]
[White "WoolworthsManly"]
[Black "IngOscarArdila"]
[Result "1-0"]
[WhiteElo "2667"]
[BlackElo "2263"]
[TimeControl "180+1"]
[EndTime "15:16:48 PDT"]
[Termination "WoolworthsManly won by checkmate"]

1. e4 e5 2. Nf3 Nf6 3. Nc3 Nc6 4.
a3 d5 5. Bb5 d4 6. Nxe5 Bd7 7.
Bxc6 bxc6 8. Ne2 c5 9. d3 Bd6 10. Nc4 Be7 11. O-O O-O 12. f4 Bg4 13. h3 Be6 14.
Ng3 Bxc4 15. dxc4 Re8 16. e5 Nd7 17. Bd2 Rb8 18. b3 Nf8 19. Qg4 Kh8 20. f5 f6 21.
Nh5 g6 22. exf6 Bd6 23. fxg6 Nxg6 24. f7 Rf8 25. Bg5 Be7 26. Bh6 Qd6 27. Bg7# 1-0

[Event "Late-Titled-Tuesday-Blitz-April-23-2024"]
[Site "Chess.com"]
[Date "2024.04.23"]
[Round "7"]
[White "RebecaJimnz"]
[Black "temiksmozg"]
[Result "0-1"]
[WhiteElo "2314"]
[BlackElo "2718"]
[TimeControl "180+1"]
[EndTime "15:16:51 PDT"]
[Termination "temiksmozg won by resignation"]

1. e4 c5 2. Nc3 Nc6 3. g3 g6 4. Bg2 Bg7 5. d3 d6 6. Be3 e5 7. Qd2 Nge7 8. f4 O-O 9. Nf3 f5 10.
O-O Nd4 11. fxe5 dxe5 12. exf5 Nexf5 13. Bg5 Qa5 14. Rae1 Nxf3+ 15. Bxf3 Be6 16. Qg2 Kh8 17. Bd5 Bxd5 18. Qxd5 Qb4 19. Rxe5 Qd4+ 20. Qxd4 cxd4 21. Rexf5 Rxf5 22. Rxf5 gxf5 23. Nd5 Rc8 24. c4 dxc3 25.
bxc3 b5 26. Kf2 Rc5 27. Ne7 Rxc3 28. Nxf5 Rxd3 29. Ke2 Ra3 0-1

[Event "Late-Titled-Tuesday-Blitz-April-23-2024"]
[Site "Chess.com"]
[Date "2024.04.23"]
[Round "7"]
[White "Giantgoogachess"]
[Black "Statham_01"]
[Result "0-1"]
[WhiteElo "2311"]
[BlackElo "2547"]
[TimeControl "180+1"]
[EndTime "15:17:02 PDT"]
[Termination "Statham_01 won by checkmate"]

1. d4 e6 2. c4 b6 3. e4 Bb7 4. Bd3 Bb4+ 5. Bd2 Bxd2+ 6. Qxd2 c5 7. d5 d6 8. Nc3 Ne7 9. Nge2 Nd7 10. O-O e5 11. a3 a6 12. b4 Qc7 13. Ng3 g6 14. Rfc1 h5 15. Nf1 O-O-O 16. Rab1 f5 17. Na4 Kb8 18.
bxc5 dxc5 19. Qg5 Nc8 20. Qxg6 fxe4 21. Qxe4 Nd6 22. Qe2 Rhg8 23. Nd2 e4 24. Nxe4 Nf5 25. Qb2 Ka7 26. Bf1 Rg6 27. Re1 Ne5 28. Ng3 Nd4 29. Rbd1 h4 30. Ne4 Nef3+ 31. Kh1 Qxh2# 0-1

[Event "Late-Titled-Tuesday-Blitz-April-23-2024"]
[Site "Chess.com"]
[Date "2024.04.23"]
[Round "7"]
[White "m_ezat"]
[Black "A4RookA3"]
[Result "1-0"]
[WhiteElo "2614"]
[BlackElo "2356"]
[TimeControl "180+1"]
[EndTime "15:17:07 PDT"]
[Termination "m_ezat won by resignation"]

1. d4 Nf6 2. c4 e6 3. Nc3 Bb4 4. e3 O-O 5. a3 Bxc3+ 6. bxc3 d5 7. cxd5 exd5 8. Bd3 c5 9. f3 Nc6 10. Ne2 Re8 11. O-O b6 12. Ra2 Bb7 13. Ng3 Rc8 14.
Re2 Na5 15. Rfe1 cxd4 16. cxd4 Nc4 17. Kh1 Qd6 18. e4 dxe4 19. fxe4 Qxd4 20. e5 Red8 21. exf6 Qxf6 22. Qa4 Nd6 23. Qg4 Qd4 24. Qxd4 1-0

[Event "Late-Titled-Tuesday-Blitz-April-23-2024"]
[Site "Chess.com"]
[Date "2024.04.23"]
[Round "7"]
[White "mortngabriel"]
[Black "Skatchkov_V"]
[Result "0-1"]
[WhiteElo "2455"]
[BlackElo "2668"]
[TimeControl "180+1"]
[EndTime "15:17:16 PDT"]
[Termination "Skatchkov_V won on time"]

1. e4 e5 2. Nc3 Nf6 3. f4 d5 4. fxe5 Nxe4 5. Qf3 f5 6. d3 Nxc3 7. bxc3 d4 8. Ne2 Nc6 9. Qg3 Be6 10. Rb1 Qd5 11.
Rxb7 O-O-O 12. Rb3 Qa5 13. Rb2 dxc3 14. Rb1 Qxa2 15. Nxc3 Qxc2 16. Bd2 Bb4 17. Rc1 Qb2 18. Be2 Nd4 19. Bd1 Bb3 20. Rb1 Qa3 21. O-O Bxd1 0-1

[Event "Late-Titled-Tuesday-Blitz-April-23-2024"]
[Site "Chess.com"]
[Date "2024.04.23"]
[Round "7"]
[White "juancruzarias"]
[Black "sergiochess83"]
[Result "1/2-1/2"]
[WhiteElo "2643"]
[BlackElo "2923"]
[TimeControl "180+1"]
[EndTime "15:17:26 PDT"]
[Termination "Game drawn by repetition"]

1. d4 Nf6 2. c4 g6 3. Nc3 d5 4. Nf3 Bg7 5. cxd5 Nxd5 6. e4 Nxc3 7. bxc3 c5 8. Bb5+ Bd7 9. Bxd7+ Nxd7 10. O-O O-O 11.
Rb1 Qc7 12. Be3 e6 13. d5 exd5 14. exd5 Nb6 15. Qd3 c4 16. Bxb6 axb6 17. Qe3 Rfd8 18. Qxb6 Qxb6 19. Rxb6 Bxc3 20. Rxb7 Rxd5 21. h4 Bf6 22.
Rc1 c3 23. Ng5 Bxg5 24. hxg5 Rxa2 25. Rxc3 Rxg5 26. Rf3 Ra1+ 27. Kh2 Rh5+ 28. Kg3 Rg5+ 29. Kh2 Rh5+ 30. Kg3 Rg5+ 31. Kh2 1/2-1/2